Cogmind - Beta 9.3 @@@ ROGUE MODE // 2019.12.31 @ 19:03:33 // Winter2019/RPGLIKE Player: Cassie Rose Result: Destroyed by Y-45 Defender with Heavy Assault Rifle Performance ------------- Evolutions (1) 500 Regions Visited (2) 400 Robots Destroyed (58) 290 Value Destroyed (824) 824 Prototype IDs (1) 20 Alien Tech Used (0) 0 Bonus (0) 0 TOTAL SCORE: 2034 Bonus ------- None Cogmind --------- Core Integrity 0/650 Matter 250/300 Energy 445/445 System Corruption 2% Temperature Cool (-91) Movement Treading (160) Location -9/Materials Parts ------- > --- POWER (2) -------- Improved Ion Engine Heavy Ion Engine > --- PROPULSION (2) --- Light Treads Light Treads > --- UTILITY (5) ------ Cryofiber Web Sensor Array Improved Signal Interpreter Improved Terrain Scanner Terrain Scan Processor > --- WEAPON (2) ------- Small Laser Beam Cannon > --- INVENTORY (0) ---- (None) Peak State ------------ > --- POWER ------------ Improved Ion Engine Heavy Ion Engine > --- PROPULSION ------- Light Treads Light Treads > --- UTILITY ---------- Cryofiber Web Sensor Array Improved Signal Interpreter Improved Terrain Scanner Terrain Scan Processor > --- WEAPON ----------- Small Laser Beam Cannon > --- INVENTORY -------- (None) [Rating: 19] Favorites ----------- Power Improved Ion Engine Engine Improved Ion Engine Propulsion Light Treads Treads Light Treads Utility Improved Terrain Scanner Device Improved Terrain Scanner Processor Seismic Analyzer Weapon Beam Cannon Energy Gun EM Pulse Gun Energy Cannon Beam Cannon Ballistic Gun Assault Rifle Build | -11 -10 -9 ------- Run | Scr Mat Mat Slots Evolved 7 | 4 1 2 Power 1 | 1 . . Propulsion 1 | 1 . . Utility 4 | 1 1 2 Weapon 1 | 1 . . Parts Attached 30 | 8 11 11 Power 6 | 2 2 2 Engine 6 | 2 2 2 Core . | . . . Reactor . | . . . Propulsion 6 | 2 1 3 Treads 6 | 2 1 3 Leg . | . . . Wheel . | . . . Hover . | . . . Flight . | . . . Utility 9 | 2 3 4 Device 5 | 1 2 2 Storage . | . . . Processor 4 | 1 1 2 Hackware . | . . . Protection . | . . . Artifact . | . . . Weapon 9 | 2 5 2 Energy Gun 3 | 1 . 2 Energy Cannon 5 | . 5 . Ballistic Gun 1 | 1 . . Ballistic Cannon . | . . . Launcher . | . . . Special Weapon . | . . . Impact Weapon . | . . . Slashing Weapon . | . . . Piercing Weapon . | . . . Special Melee Weapon . | . . . Unidentified Prototypes 1 | . . 1 Parts Lost 1 | . . 1 Power . | . . . Propulsion . | . . . Utility . | . . . Weapon 1 | . . 1 Highest Loss Streak 1 | . . 1 Average Slot Usage (%) 96 | . 97 94 Engine 22 | . 24 18 Treads 22 | . 24 18 Device 17 | . 11 27 Processor 12 | . 11 12 Energy Gun 3 | . 3 2 Energy Cannon 15 | . 16 13 Ballistic Gun 2 | . 3 . Naked Turns . | . . . Heaviest Build 23 | 15 22 23 Greatest Support 55 | 50 50 55 Greatest Overweight (x) . | . . . Average Overweight (x) . | . . . Largest Inventory Capacity . | . . . Average Capacity . | . . . Most Carried . | . . . Average Carried . | . . . Final Capacity . | . . . Final Carried . | . . . Class Distribution -------------------- 70% | Mutant 16% | Skirmisher 9% | Scavenger-Skirmisher 3% | Scavenger-Mutant Dominant Class ---------------- Mutant | -10/Materials Skirmisher | -9/Materials Resources | -11 -10 -9 ----------- Run | Scr Mat Mat Matter Collected 584 | 295 229 60 Remotely . | . . . Salvage Created 1613 | 179 604 830 Parts 122 | 15 58 49 Haulers Intercepted 5 | . 2 3 Recyclers Shooed . | . . . Parts Field Recycled . | . . . Retrieved Matter . | . . . Parts Self-Destructed . | . . . Prevented . | . . . Kills | -11 -10 -9 ------- Run | Scr Mat Mat Combat Hostiles Destroyed 31 | . 14 17 Guns 10 | . 9 1 Cannons 21 | . 5 16 Classes Destroyed 11 | 3 6 2 Worker 3 | 1 2 . Builder 2 | . 1 1 Tunneler 5 | 3 2 . Hauler 5 | . 2 3 Recycler 4 | 1 1 2 Operator 2 | . 2 . Watcher 6 | . 3 3 Swarmer 21 | . 9 12 Grunt 8 | . 5 3 Duelist 1 | . . 1 Sentry 1 | . . 1 Best Kill Streak 7 | 3 6 7 Combat Bots Only 7 | . 6 7 Max Kills in Single Turn 2 | 2 1 1 Gunslinging . | . . . Exploded . | . . . Melee . | . . . Uniques/NPCs Destroyed . | . . . Combat | -11 -10 -9 -------- Run | Scr Mat Mat Damage Taken 1682 | . 777 905 Core 1330 | . 616 714 Absorbed by Shields . | . . . Redirected to Core 1136 | . 520 616 Core Remaining (%) 75 | 100 50 . Volleys Fired 156 | 5 74 77 Largest 2 | 2 2 2 Hottest 120 | 60 120 120 Shots Fired 274 | 10 143 121 Gun 106 | 10 82 14 Cannon 168 | . 61 107 Launcher . | . . . Special . | . . . Kinetic 46 | 5 41 . Thermal 182 | . 61 121 Explosive . | . . . Electromagnetic 46 | 5 41 . Robot Hit Streak 31 | 3 15 31 Robot Miss Streak 5 | 1 3 5 Penetration Max . | . . . Secondary Targets 1 | . 1 . Max Gunslinging Chain 1 | . 1 . Shots Hit Robots 181 | 6 89 86 Core Hits 67 | 5 32 30 Critical Hits 1 | . . 1 Critical Kills . | . . . Critical Parts Destroyed 1 | . . 1 Melee Attacks . | . . . Impact . | . . . Slashing . | . . . Piercing . | . . . Sneak Attacks . | . . . Combat Hostiles . | . . . Follow-up Attacks . | . . . Damage Inflicted 2837 | 110 1288 1439 Guns 839 | 110 599 130 Cannons 1990 | . 681 1309 Explosions . | . . . Melee . | . . . Ramming 8 | . 8 . Kinetic 305 | 38 267 . Thermal 2120 | . 681 1439 Explosive . | . . . Electromagnetic 404 | 72 332 . Impact . | . . . Slashing . | . . . Piercing . | . . . Highest Corruption 2 | . 1 2 Average Corruption 1 | . 1 1 Corruption Purged . | . . . Effects 5 | . 3 2 Message Errors 4 | . 2 2 Energy Discharges 1 | . 1 . Overload Shots . | . . . Overflow Damage 54 | . 5 49 Projectiles 54 | . 5 49 Explosions . | . . . Melee . | . . . Knockbacks . | . . . Impact . | . . . Kinetic . | . . . Secondary . | . . . Self-Inflicted Damage 191 | . 191 . Shots 2 | . 2 . Rammed 1 | . 1 . Targets Rammed 1 | . 1 . Kicked . | . . . Crushed . | . . . Highest Temperature 321 | 30 321 . Average Temperature 76 | 11 80 . Received Heat Transfer 132 | . 66 66 Effects 2 | . 2 . Interference 2 | . 2 . Siege Activations . | . . . Robots Corrupted . | . . . Combat Hostiles . | . . . Parts Fried . | . . . Impact Corruptions . | . . . Robots Melted . | . . . Combat Hostiles . | . . . Parts Melted 10 | . 3 7 Heat Transferred 4518 | . 1443 3075 Parts Sabotaged . | . . . Parts Stolen . | . . . Parts Stripped . | . . . Power Chain Reactions . | . . . Missiles Intercepted . | . . . Alert | -11 -10 -9 ------- Run | Scr Mat Mat Peak Influence 333 | 25 248 333 Average Influence 116 | 9 71 209 Maximum Alert Level 1 | . 1 1 Low Security (%) 74 | 100 97 29 Level 1 25 | . 2 70 Level 2 . | . . . Level 3 . | . . . Level 4 . | . . . Level 5 . | . . . High Security . | . . . Max Security . | . . . Squads Dispatched 3 | . 2 1 Investigation 1 | . 1 . Extermination . | . . . Reinforcement 2 | . 1 1 Assault . | . . . Garrison . | . . . Intercept . | . . . Construction Impeded . | . . . Haulers Reinforced . | . . . Stealth | -11 -10 -9 --------- Run | Scr Mat Mat Distress Signals 2 | . 1 1 Communications Jammed . | . . . Distress Signals . | . . . Times Spotted 53 | . 25 28 Peak Tracking Total 5 | . 4 5 Tactical Retreats 4 | . . 4 Traps | -11 -10 -9 ------- Run | Scr Mat Mat Traps Triggered 10 | . 4 6 Indirectly . | . . . Trap Hack Attempts . | . . . Triggered . | . . . Disarmed . | . . . Reprogrammed . | . . . Reused . | . . . Traps Extracted . | . . . Installed . | . . . Triggered . | . . . Machines | -11 -10 -9 ---------- Run | Scr Mat Mat Machines Disabled 4 | . 4 . Max in Single Turn 3 | . 3 . Machines Sabotaged . | . . . Garrisons Compromised . | . . . Overloaded Fab Kills . | . . . Fab Network Shutdowns . | . . . Hacking | -11 -10 -9 --------- Run | Scr Mat Mat Machines Accessed . | . . . Terminals . | . . . Fabricators . | . . . Repair Stations . | . . . Recycling Units . | . . . Scanalyzers . | . . . Garrison Access . | . . . Total Hacks . | . . . Successful . | . . . Failed . | . . . Catastrophic . | . . . Database Lockouts . | . . . Manual . | . . . Terminals . | . . . Fabricators . | . . . Repair Stations . | . . . Recycling Units . | . . . Scanalyzers . | . . . Garrison Access . | . . . Terminal Hacks . | . . . Fabricator Hacks . | . . . Repair Station Hacks . | . . . Recycling Unit Hacks . | . . . Scanalyzer . | . . . Garrison Access Hacks . | . . . Unauthorized Hacks . | . . . Terminals . | . . . Fabricators . | . . . Repair Stations . | . . . Recycling Units . | . . . Scanalyzers . | . . . Garrison Access . | . . . Data Cores Recovered 1 | . 1 . Used . | . . . Hacking Detections . | . . . Full Trace Events . | . . . Feedback Events . | . . . Feedback Blocked . | . . . Robot Schematics Acquired . | . . . Robots Built . | . . . Matter . | . . . Time . | . . . Total Robot Build Rating . | . . . Part Schematics Acquired . | . . . Parts Built . | . . . Matter . | . . . Time . | . . . Total Part Build Rating . | . . . Parts Repaired . | . . . Time . | . . . Parts Recycled . | . . . Recycled Matter . | . . . Retrieved Matter . | . . . Retrieved Components . | . . . Parts Scanalyzed . | . . . Part Schematics Acquired . | . . . Parts Damaged . | . . . Bothacking | -11 -10 -9 ------------ Run | Scr Mat Mat Used RIF Installer . | . . . Robots Hacked . | . . . Non-combat . | . . . Combat . | . . . Robot Hacks Applied . | . . . Relay Couplers Released . | . . . Robots Rewired . | . . . Allies Hacked . | . . . Hacks Repelled . | . . . Allies | -11 -10 -9 -------- Run | Scr Mat Mat Total Allies . | . . . Largest Group . | . . . Highest-Rated Group . | . . . Highest-Rated Ally . | . . . Total Orders . | . . . Ally Attacks . | . . . Total Damage . | . . . Kills . | . . . Allies Corrupted . | . . . Allies Melted . | . . . Intel | -11 -10 -9 ------- Run | Scr Mat Mat Robot Analysis Total . | . . . Derelict Logs Recovered . | . . . Drone Launches . | . . . Drone Recoveries . | . . . Exploration | -11 -10 -9 ------------- Run | Scr Mat Mat Turns Passed 2336 | 110 1422 804 Spaces Moved 1091 | 51 703 337 Core 2 | 2 . . Treads 1089 | 49 703 337 Legs . | . . . Wheels . | . . . Hover . | . . . Flight . | . . . Fastest Speed 50 | 50 160 160 Average Speed 159 | 155 160 160 Slowest Speed 160 | 160 160 160 Overloaded Moves . | . . . Propulsion Burnouts . | . . . Robots Hopped . | . . . Cave-ins Triggered . | . . . Exploration Rate (%) 46 | 4 99 36 Regions Visited 2 Branch Regions . Pre-discovered Areas . | . . . Known Exits Taken . | . . . Unknown Exits Taken 2 | 1 1 . Scrap Searched . | . . . Spaces Dug . | . . . Terrain Destroyed 37 | . 37 . Melee . | . . . Projectile . | . . . AOE 37 | . 37 . Actions | -11 -10 -9 --------- Run | Scr Mat Mat Total 1398 | 68 854 476 Wait 80 | 5 45 30 Move 1089 | 50 702 337 Hop . | . . . Pick Up . | . . . Fast Attach 28 | 8 10 10 Attach . | . . . Detach . | . . . Swap 2 | . 1 1 Drop 7 | . 5 2 Fire 156 | 5 74 77 Melee . | . . . Ram . | . . . Kick . | . . . Crush 1 | . 1 . Escape Stasis . | . . . Rewire . | . . . Trap . | . . . Miscellaneous 35 | . 16 19 Route ------- -11/Scrapyard -10/Materials (discovered 4 exits: [*Mat x3] / [*Min]) -9/Materials (discovered 3 exits: [*Mat x2] / [*Min]) History --------- Turn | Location | Event 17 | -11/Scrapyard | Upgraded with Power slot (x1) 17 | -11/Scrapyard | Upgraded with Propulsion slot (x1) 17 | -11/Scrapyard | Upgraded with Utility slot (x1) 17 | -11/Scrapyard | Upgraded with Weapon slot (x1) 18 | -11/Scrapyard | Discovered new exit (range 15) 111 | -11/Scrapyard | Entered Materials 303 | -10/Materials | Build established: Mutant 443 | -10/Materials | Discovered new exit (range 12) 615 | -10/Materials | Discovered new exit (range 16) 715 | -10/Materials | Discovered new exit (range 16) 1206 | -10/Materials | Discovered new exit (range 12) 1241 | -10/Materials | Reached level 2 1279 | -10/Materials | Upgraded with Utility slot (x1) 1533 | -10/Materials | Entered another Materials area 1535 | -9/Materials | Reached level 3 1538 | -9/Materials | Upgraded with Utility slot (x1) 1630 | -9/Materials | Core integrity fell below 50% 1694 | -9/Materials | Core integrity fell below 20% 1726 | -9/Materials | Destroyed 7 combat bots 1755 | -9/Materials | Reached level 4 1758 | -9/Materials | Upgraded with Utility slot (x1) 1802 | -9/Materials | Discovered new exit (range 16) 1809 | -9/Materials | Build established: Skirmisher 1980 | -9/Materials | Discovered new exit (range 14) 2206 | -9/Materials | Discovered new exit (range 15) 2337 | -9/Materials | Destroyed by Y-45 Defender with Heavy Assault Rifle Last Messages --------------- 02262_ L-31 Rogue destroyed. 02308_ Triggered Blade Trap. 02308_ Massive razor-sharp blades shoot up from within the floor. 02308_ Cryofiber Web severed. 02310_ Acquired Cryofiber Web. 02311_ Triggered Blade Trap. 02311_ Massive razor-sharp blades shoot up from within the floor. 02311_ Lgt. Treads severed. 02313_ Acquired Lgt. Treads. 02314_ U-05 Engineer lays Concrete. 02314_ Triggered Blade Trap. 02314_ Massive razor-sharp blades shoot up from within the floor. 02314_ Lgt. Treads severed. 02314_ Sml. Laser severed. 02315_ U-05 Engineer lays Concrete. 02316_ Acquired Lgt. Treads. 02317_ U-05 Engineer lays Concrete. 02321_ Acquired Lgt. Treads. 02326_ Acquired Sml. Laser. 02327_ A-02 Transporter destroyed. Map ----- +----------------------------------------------------+ | ?????????????????????????????????????????????????? | | ?????????????????????????????????????????????????? | | ?????????????????????????????????????????????????? | | ?????????????????????????????????????????????????? | | ?????????????????????????????????????????????????? | | ???????????????????????????????????????????#?????? | | ???????????????????????????????????????#?????????? | | ?????????????????????????????????????????????????? | | ????????????????????????? ??????????#??## ??????? | | ???????????????????????# ? #?#????###?#?? """ ""? | | ??????????????????? ???# ??#?####??#??#??"""??"? | | ??????????????????????## ???? ?? ? ####?""" ?"? | | ? ? ?????????????##??## ??# ? ? #### ? ? | | ##??? ???????????##???# # ? #### ? ? ?? | | ??? ?? ? ?????#?## ? Y? + ? ######?##?##? | | ?#? ???? ????##?# ?### # ? #?##??####### | | ?#? ? ??? ????##?#??### # ? #?##?######## | | ?? ?? ? ??u??? ? ?? ## #?# ?? ##??#?###?##? | | ?# """" ? # ?? # ### ##?###?###?## | | # ??""" ?? #? ?? ?# ##? ############# | | ?#??""""?? ?? ??## #####+#?################ | | ?# ??? ? ?## ######## # | | #?? ???o ??"??? ?Y## ### # # | | +? ####?? #?? ## ^ ### # """"""" # | | ?? #### ?#?" ? ?? ?#! "" ### =+%""""""" + | | # #?## ? #? ?? ???#[!@ """ # # """"""" # | | ## ##????w#####+#####%| R" # # """"""" # | | % #?#?? ![! """ + ]# """"""" # | | ! ##??? = # # # | | ####? [] # ########### | | ######?#?? [ #####+##### ## ########### | | ? ? # ? ?## ? # ###############?# | | ?"?"?? ? ?#? ? ?# # ###?#?#### | | ???"?+?? ?? ? ? # # T ? ###?## | | ??""" ? ? ? ? ##k """ # # # ###### | | #? ??? u + ? ""?? # #? ? # | | "" #? ?? ##? """ # # # | | T" ######?# ## o ""? # #? """ # # # | | "" ##?##### ## + + """ ########## | | ######?# #? # #? """ ########## | | ############?### ######?##?##### ?########## | | ##############?# #?############# """ ## # | | ################ ###?#?######??#? """ ## """"" # | | #############?## #??#?##?#######? "?" ## """"" + | | #############?## ###?#??###?###? ?? ## """"" # | | ##############?# #?####?????############ # | | ################ ############?# ###+###### | | #############?## ##?##%%%%##### ### ###### | | #########?######=* ####% %#### ### ###### | | ################% ####% %##?# ### ###### | +----------------------------------------------------+ Best States ------------- Heat Dissipation 67 Energy Generation 21 Energy Capacity 445 Matter Stores 300 Matter Capacity 300 Sight Range 16 Robot Scan Range 18 Terrain Scan Range 16 Terrain Scan Density 185 Base Temperature (-) 100 Evasion (%) 40 Recoil Reduction 2 Item Schematics ----------------- None Robot Schematics ------------------ None Fabricated ------------ Nothing Alien Tech Used ----------------- None Achievements -------------- None Challenges ------------ None RPGLIKE | -11 -10 -9 --------- Run | Scr Mat Mat Levels Raised 3 | . 1 2 XP Earned 8785 | 3000 2125 3660 XP Spent 7495 | 3000 1400 3095 Upgrades 24 | 12 7 5 Power Slot 1 | 1 . . Propulsion Slot 1 | 1 . . Utility Slot 4 | 1 1 2 Weapon Slot 1 | 1 . . Core Integrity 1 | 1 . . Heat Dissipation 7 | . 6 1 Mass Support 3 | 2 . 1 Sensor Range 4 | 3 . 1 Terrain Scan Density 1 | 1 . . Ranged Accuracy 1 | 1 . . Protomatter Created 316 | . 176 140 Integrity Restored 728 | . 347 381 Core 675 | . 294 381 Parts 53 | . 53 . Protomatter Decayed 70 | . 57 13 Game ------ Seed InsulationArchitectSink Manual? 0 Play Time 00:22:29 Cumulative 81.8 hours Start 2019.12.31 @ 18:39:55 End 2019.12.31 @ 19:03:33 Sessions 1 Manual Loads 0 Difficulty Rogue Special Mode Winter2019/RPGLIKE Game No. 136 Rogue 136 Adventurer 0 Explorer 0 Win Type - Total 0 Types 0/0/0/0/0/0/0 Lore% 22 Gallery% 28 Achievement% 28 Wizard Run 0 Options --------- ASCII 0 Keyboard 0 Movement Mouse Keybinds 0 Fullscreen 2 Font 18/SmallcapsGlow Map View 76x50 Tactical HUD 1 Map Filters NONE Filters LOW_CONTRAST(13,24,33)|BRIGHTNESS(120)|SATURATION(80) Steam 1 RUN: a42352f8-ab98-4251-82d9-f9f329c37e88